Map: Sueño ártico EE

Players

MrFercho

  • Race: Zerg Zerg
  • League: Gold
  • Spawn Location: 6:00

tigro

  • Race: Terran Terran
  • League: Bronze
  • Spawn Location: 5:00

ENFER

  • Race: Terran Terran
  • League: Silver
  • Spawn Location: 12:00

Peter

  • Race: Terran Terran
  • League: Silver
  • Spawn Location: 11:00

VOD

Have the link to the VOD?

Description

Time

  • Played on: Aug. 23, 2020, 8:42 p.m.
  • Length: 19:00
Show
View Real Time Build Order
Export as new Build Order

MrFercho Zerg 

Build Orders: Hatch First, Lurkers 

Get SALT Encoding   

  12  0:01  Drone  
  13  0:14  Overlord  
  13  0:20  Drone  
  14  0:33  Drone x2  
  16  0:50  Hatchery  
  16  0:53  Drone  
  16  1:03  Drone x2  
  18  1:15  Drone  
  19  1:18  Extractor  
  19  1:22  Spawning Pool, Drone  
  18  1:30  Drone  
  19  1:47  Drone  
  19  1:52  Overlord  
  20  2:10  Zergling x4  
  20  2:11  Queen  
  20  2:12  Queen  
  20  2:14  Drone  
  27  2:23  Drone  
  28  2:36  Drone x3  
  31  2:38  Overlord  
  31  2:46  Drone  
  32  2:56  Metabolic Boost  
  32  2:58  Lair  
  32  3:04  Overlord x2  
  32  3:26  Drone  
  32  3:27  Drone x4  
  37  3:29  Queen  
  39  3:59  Zergling x18  
  39  4:01  Drone x3  
  51  4:12  Overseer  
  51  4:21  Drone  
  52  4:24  Extractor  
  52  4:27  Extractor  
  52  4:28  Overlord x3  
  50  5:00  Spore Crawler  
  50  5:01  Spore Crawler  
  48  5:10  Spore Crawler  
  48  5:12  Spore Crawler  
  45  5:27  Zergling x18  
  48  5:50  Drone x5  
  52  6:14  Drone  
  52  6:15  Drone x4  
  52  6:16  Drone  
  57  6:23  Hydralisk Den  
  51  6:26  Evolution Chamber  
  51  6:31  Extractor  
  49  6:34  Hatchery  
  49  6:36  Drone  
  49  6:37  Hatchery, Drone x4  
  52  6:46  Hatchery  
  51  7:31  Drone  
  51  7:32  Drone x13  
  65  7:39  Muscular Augments  
  65  7:40  Zerg Missile Weapons Level 1  
  65  7:45  Drone x2  
  65  7:46  Drone x2  
  65  7:48  Evolution Chamber  
  68  8:34  Baneling Nest  
  68  8:36  Drone  
  68  8:40  Extractor  
  67  8:42  Spore Crawler, Extractor  
  67  8:46  Spine Crawler  
  67  8:48  Queen  
  64  8:50  Spine Crawler x2, Grooved Spines  
  64  8:51  Hydralisk x7  
  64  8:52  Hydralisk x2  
  82  8:56  Drone x11  
  93  9:06  Zerg Melee Weapons Level 1  
  93  9:09  Overlord  
  93  9:10  Overlord x4  
  93  9:11  Overlord  
  93  9:15  Overseer  
  93  9:27  Lurker Den  
  93  9:28  Infestation Pit  
  91  9:36  Spire  
  90  9:54  Baneling x2  
  90  9:55  Baneling x11  
  90  9:58  Zergling x24  
  90  9:59  Zergling x18  
  103  10:49  Lurker x8  
  111  10:50  Lurker  
  111  10:55  Hive  
  108  11:00  Overlord x2, Overseer  
  90  11:05  Overlord x3  
  90  11:22  Hydralisk x12  
  90  11:25  Zergling x8  
  115  11:26  Zergling x26  
  120  11:40  Zergling x16  
  110  12:08  Zergling x36  
  128  12:17  Greater Spire  
  128  12:18  Adaptive Talons  
  128  12:22  Overlord  
  128  12:23  Overlord x3  
  128  12:37  Zerg Missile Weapons Level 2  
  128  12:38  Zerg Melee Weapons Level 2  
  128  12:47  Centrifical Hooks  
  128  13:15  Seismic Spines  
  128  13:17  Burrow  
  128  13:19  Pneumatized Carapace  
  128  13:22  Hatchery  
  128  13:23  Overlord  
  128  13:24  Overlord x2  
  127  13:35  Hydralisk x8  
  127  13:36  Hatchery, Hydralisk x14  
  170  13:44  Hatchery  
  169  13:50  Hydralisk x4  
  169  13:51  Hydralisk  
  179  14:06  Baneling  
  179  14:07  Baneling x9  
  153  14:46  Zergling x2  
  153  14:47  Zergling x54  
  153  14:48  Zergling x4  
  183  14:56  Lurker x3  
  183  14:57  Lurker x5  
  191  15:02  Drone x3  
  194  15:42  Nydus Network  
  193  15:45  Spore Crawler  
  193  15:46  Spore Crawler  
  191  16:16  Drone x3  
  189  16:41  Overlord x4  
  111  17:21  Hydralisk  
  111  17:22  Hydralisk x24  
  106  17:55  Lurker x11  
Show
View Real Time Build Order
Export as new Build Order

tigro Terran 

Build Orders:  

Get SALT Encoding   

  12  0:18  SCV  
  13  0:21  Supply Depot  
  13  0:30  SCV  
  14  0:42  SCV  
  14  0:48  Barracks  
  15  0:50  Refinery  
  15  0:55  SCV  
  16  1:07  SCV  
  17  1:18  Supply Depot  
  17  1:19  SCV  
  18  1:31  SCV  
  19  1:43  SCV  
  20  1:47  Marine  
  21  2:05  Marine  
  22  2:13  Refinery  
  22  2:17  SCV  
  23  2:22  Marine  
  24  2:39  Engineering Bay, Orbital Command  
  24  2:40  Marine  
  25  2:58  Marine, Factory  
  26  3:31  Barracks Tech Lab, Barracks  
  26  3:44  Factory Tech Lab  
  26  3:49  Terran Infantry Weapons Level 1  
  26  3:54  Marine  
  27  4:02  Siege Tank  
  30  4:12  Marine  
  30  4:15  Combat Shield  
  31  4:29  Barracks Reactor  
  31  4:30  Marine  
  32  4:48  Marine  
  33  4:53  Command Center  
  33  5:06  Marine  
  34  5:20  Missile Turret  
  34  5:43  Missile Turret  
  34  5:46  Terran Infantry Armor Level 1  
  34  6:07  Refinery  
  26  6:11  Marine  
  26  6:12  Marine x2  
  26  6:14  Missile Turret  
  23  6:29  Marine x3  
  26  6:46  Starport, Siege Tank  
  29  6:47  Marine x3  
  32  6:54  SCV  
  33  7:05  Marine x3  
  33  7:06  SCV  
  33  7:08  SCV  
  38  7:18  SCV  
  38  7:20  SCV  
  40  7:23  Marine  
  40  7:29  Medivac  
  43  7:31  SCV  
  43  7:32  SCV  
  45  7:40  Neosteel Armor  
  45  7:43  Armory, SCV  
  46  7:44  SCV  
  47  7:56  SCV  
  48  8:05  Starport Tech Lab  
  48  8:13  SCV  
  49  8:25  SCV  
  50  8:27  Stimpack  
  50  8:32  Refinery  
  50  8:38  SCV  
  51  8:44  SCV  
  52  8:50  SCV  
  53  8:56  SCV, Thor  
  53  9:02  SCV  
  61  9:08  SCV  
  62  9:20  Hi-Sec Auto Tracking  
  62  9:32  Supply Depot  
  62  9:54  SCV x2, Medivac  
  62  9:56  Supply Depot  
  66  10:06  SCV x2  
  68  10:16  Terran Infantry Weapons Level 2  
  68  10:18  SCV x2  
  65  10:30  SCV x2  
  52  10:35  Marine  
  52  10:36  Marine x2  
  52  10:42  SCV  
  56  10:53  Marine  
  56  10:54  Marine x2  
  53  10:58  Medivac  
  55  11:05  Fusion Core  
  55  11:06  Thor  
  61  11:11  Marine x3  
  64  11:19  Planetary Fortress  
  64  11:28  Medivac  
  64  11:29  Marine x3  
  69  11:47  Marine x3  
  69  11:49  Thor  
  74  12:05  Marine x3  
  74  12:22  Marine  
  74  12:23  Marine x2  
  77  12:32  Terran Infantry Armor Level 2  
  77  12:40  Marine  
  78  12:49  Marine  
  78  12:50  Marine, Thor  
  86  13:14  Marine  
  86  13:17  Terran Vehicle And Ship Armor Level 1  
  87  13:32  Thor  
  93  13:39  Missile Turret  
  93  13:59  Marine  
  93  14:00  Missile Turret  
  94  14:15  Supply Depot  
  94  14:23  Missile Turret  
  94  14:36  Marine x3  
  94  14:38  Supply Depot  
  97  14:40  Battlecruiser  
  83  14:48  Terran Infantry Weapons Level 3  
  83  14:50  Missile Turret  
  61  14:54  Marine x3  
  64  15:11  Terran Vehicle Weapons Level 1, Marine x3  
  64  15:12  Weapon Refit  
  67  15:17  Thor  
  73  15:29  Marine x3  
  76  15:41  Missile Turret  
  76  15:44  Medivac  
  76  15:47  Marine x3  
  81  15:55  Missile Turret  
  81  16:00  Thor  
  81  16:03  Missile Turret  
  87  16:05  Marine x3  
  90  16:14  Battlecruiser  
  90  16:17  Missile Turret  
  96  16:23  Marine  
  96  16:25  Missile Turret  
  97  16:43  Thor  
  103  16:49  Missile Turret  
  103  16:52  Rapid Reignition System  
  103  17:05  Terran Ship Weapons Level 1  
  103  17:12  Missile Turret  
  103  17:13  Command Center  
  103  17:20  Refinery  
  89  17:23  Refinery  
  89  17:26  Thor  
  63  17:40  Marine x3  
  66  17:45  Medivac  
  68  17:57  Marine  
  68  17:58  Marine x2  
  71  18:09  Thor  
  71  18:15  Marine x3  
  74  18:33  Marine x3  
Show
View Real Time Build Order
Export as new Build Order

ENFER Terran 

Build Orders:  

Get SALT Encoding   

  12  0:00  SCV  
  13  0:14  SCV  
  13  0:18  Supply Depot  
  14  0:26  SCV  
  15  0:33  Refinery  
  15  0:43  Barracks  
  15  0:45  SCV  
  16  0:57  SCV  
  17  1:09  SCV  
  18  1:31  Supply Depot  
  18  1:34  Marine  
  18  1:38  Orbital Command  
  19  1:52  Marine  
  19  2:01  Supply Depot  
  19  2:07  Command Center  
  19  2:11  SCV  
  20  2:20  Marine  
  21  2:29  Factory  
  21  2:34  SCV, Refinery  
  22  2:41  Marine  
  23  2:53  SCV  
  24  3:01  Barracks Tech Lab  
  24  3:05  SCV  
  25  3:17  SCV  
  26  3:20  Orbital Command  
  26  3:28  Factory Tech Lab  
  26  3:29  SCV  
  26  3:31  Starport  
  26  3:33  Marine  
  28  3:34  Combat Shield  
  28  3:44  Supply Depot  
  28  3:48  Supply Depot  
  28  3:50  SCV x2  
  30  3:57  Siege Tank  
  30  4:01  Marine  
  30  4:02  SCV x2  
  36  4:07  Medivac  
  38  4:15  Engineering Bay  
  38  4:19  SCV x2  
  40  4:28  Refinery  
  40  4:31  SCV x2  
  40  4:37  Siege Tank  
  40  4:38  Medivac  
  47  5:00  Missile Turret  
  47  5:01  Missile Turret  
  47  5:03  Missile Turret  
  47  5:07  Missile Turret  
  47  5:10  SCV x2  
  49  5:16  Medivac, Missile Turret  
  51  5:28  Marine  
  51  5:32  Missile Turret  
  51  5:35  Missile Turret  
  52  5:36  Missile Turret  
  52  5:37  SCV x2, Barracks  
  52  5:38  Barracks  
  54  5:46  Marine  
  55  6:04  Marine  
  54  6:18  Siege Tank  
  57  6:19  Starport Reactor  
  57  6:22  Marine  
  51  6:31  Terran Infantry Weapons Level 1  
  51  6:33  Stimpack  
  51  6:37  SCV x2  
  51  6:39  Marine  
  53  6:43  Refinery  
  54  6:54  Command Center  
  54  6:55  Barracks Reactor  
  54  6:57  Marine  
  54  6:59  Barracks Reactor  
  55  7:06  Medivac x2  
  59  7:13  Engineering Bay  
  59  7:15  Marine  
  59  7:17  Armory  
  59  7:18  SCV x2  
  62  7:37  Supply Depot  
  62  7:38  Supply Depot  
  62  7:40  Supply Depot  
  62  7:42  Terran Infantry Armor Level 1  
  62  7:59  Marine x5, Siege Tank  
  62  8:01  Supply Depot, Medivac x2  
  74  8:12  Supply Depot  
  74  8:14  Supply Depot  
  74  8:15  Supply Depot  
  74  8:16  Supply Depot, Marine x5  
  79  8:31  Terran Vehicle And Ship Armor Level 1  
  79  8:34  Marine x5  
  84  8:43  Planetary Fortress  
  84  8:52  Marine x5  
  84  8:55  SCV x2  
  91  9:07  SCV x2, Supply Depot  
  93  9:10  Marine x5, Terran Infantry Weapons Level 2  
  98  9:28  Marine x2  
  98  9:29  Supply Depot  
  100  9:38  Refinery  
  100  9:42  Refinery  
  100  9:43  Marine x3  
  103  9:46  Medivac x2, Marine x2  
  103  9:48  Siege Tank  
  103  9:52  Supply Depot  
  112  10:01  Marine x3  
  112  10:02  Factory  
  112  10:03  Factory, Marine  
  116  10:15  SCV, Supply Depot  
  116  10:16  SCV  
  116  10:20  Siege Tank  
  112  10:47  Supply Depot  
  112  10:48  Marine x3  
  112  10:49  Marine x2  
  117  11:07  Marine  
  117  11:08  Marine x3  
  117  11:09  Siege Tank  
  117  11:10  Supply Depot  
  111  11:33  Supply Depot  
  88  11:41  Siege Tank  
  74  12:00  Marine x3  
  74  12:01  Marine x2  
  72  12:18  Marine x3  
  72  12:19  Marine x2  
  75  12:24  Factory Tech Lab  
  75  12:25  Factory Tech Lab  
  75  12:35  Starport Tech Lab  
  75  12:36  Marine x5  
  80  12:37  Starport  
  80  12:49  Terran Infantry Weapons Level 3, Terran Infantry Armor Level 2  
  80  12:52  Terran Vehicle And Ship Armor Level 2  
  80  12:54  Marine x5  
  80  12:57  Raven  
  87  13:04  SCV x3  
  90  13:09  Missile Turret  
  90  13:12  Marine x3  
  93  13:16  SCV x3  
  93  13:17  Marine  
  93  13:18  Marine  
  98  13:25  Siege Tank  
  98  13:26  Siege Tank x2  
  107  13:28  SCV x3  
  107  13:29  Marine x2  
  107  13:30  Marine  
  107  13:31  Medivac x2  
  117  13:35  Marine x2  
  119  13:47  Marine x3  
  122  13:53  Marine x2  
  124  14:03  Supply Depot  
  124  14:09  Marine x3  
  127  14:11  Marine x2, Siege Tank x2  
  127  14:12  Medivac x2  
  127  14:13  Raven  
  141  14:27  Marine x3  
  141  14:29  Marine  
  143  15:04  Marine x3  
  143  15:05  Marine x2  
  148  15:07  Medivac  
  148  15:08  Medivac  
  148  15:09  Medivac  
  148  15:12  Terran Infantry Armor Level 3  
  154  15:14  Terran Vehicle And Ship Armor Level 3  
  154  15:22  Marine x4  
  154  15:23  Marine  
  159  15:40  Marine x5  
  164  15:58  Marine x5  
  164  16:03  Command Center  
  169  16:16  Marine x3  
  172  16:47  Marine x2  
  172  16:48  Marine x3  
  177  17:05  Marine x3  
  158  17:27  Marine x5  
  144  17:45  Marine  
  145  17:54  Marine  
  145  17:55  Marine x3  
  145  17:57  Siege Tank  
  145  17:58  Medivac, Siege Tank  
  155  17:59  Medivac, Raven  
  155  18:02  Marine  
  162  18:12  Marine x2  
Show
View Real Time Build Order
Export as new Build Order

Peter Terran 

Build Orders: Liberator Opening, Mech 

Get SALT Encoding   

  12  0:02  SCV  
  13  0:15  Supply Depot  
  13  0:20  SCV  
  14  0:27  Refinery  
  14  0:42  Barracks  
  14  0:51  SCV, Supply Depot  
  15  1:03  SCV  
  16  1:16  SCV  
  17  1:29  SCV  
  18  1:41  Orbital Command  
  18  1:58  Factory  
  18  2:01  Marine  
  19  2:19  Marine  
  20  2:24  SCV  
  21  2:30  Refinery  
  21  2:38  Command Center  
  21  2:43  SCV  
  22  2:45  Barracks Reactor  
  22  2:47  Hellion  
  24  2:59  SCV  
  25  3:08  Hellion  
  25  3:09  Starport  
  25  3:11  SCV  
  28  3:23  SCV  
  29  3:35  SCV  
  30  3:47  SCV  
  31  3:50  Hellion x2, Factory  
  31  3:54  Orbital Command  
  35  3:59  SCV  
  36  4:08  Liberator  
  39  4:11  Hellion x2  
  39  4:12  SCV  
  44  4:17  Barracks Tech Lab  
  44  4:24  SCV  
  45  4:30  SCV  
  46  4:39  Armory  
  46  5:17  SCV  
  46  5:18  SCV  
  36  5:42  Siege Tank  
  36  5:58  Hellion x2  
  36  6:00  SCV  
  36  6:01  SCV  
  42  6:09  Factory  
  42  6:10  Infernal Pre-Igniter  
  42  6:13  SCV x2, Terran Vehicle Weapons Level 1  
  42  6:16  Armory  
  44  6:19  Refinery  
  44  6:21  Refinery  
  44  6:25  SCV x2  
  46  6:27  Supply Depot  
  46  6:31  Supply Depot  
  46  6:48  SCV x2  
  46  6:50  Supply Depot  
  46  6:52  Barracks Tech Lab  
  48  6:55  Supply Depot  
  48  6:59  Factory Tech Lab  
  48  7:00  SCV x2  
  50  7:05  Factory  
  50  7:12  Supply Depot  
  50  7:17  Supply Depot  
  50  7:19  Command Center  
  50  7:20  Thor  
  56  7:36  Supply Depot  
  56  7:38  SCV x2  
  56  7:42  Terran Vehicle And Ship Armor Level 1  
  58  7:46  Starport Tech Lab  
  58  7:50  SCV x2  
  60  7:53  Factory Tech Lab  
  60  8:01  Factory  
  60  8:04  Hellion x2  
  64  8:11  SCV x2  
  66  8:15  Terran Vehicle Weapons Level 2  
  66  8:23  SCV  
  66  8:25  Hellion  
  69  8:35  Hellion x2  
  69  8:36  Hellion x2  
  77  8:46  Hellion  
  79  8:56  Thor  
  79  8:59  Thor  
  79  9:00  Thor  
  97  9:16  Orbital Command  
  97  9:20  SCV  
  97  9:21  SCV  
  99  9:33  SCV x2  
  99  9:37  Refinery  
  101  9:39  Thor  
  101  9:40  Refinery  
  101  9:41  Terran Vehicle And Ship Armor Level 2  
  101  9:45  SCV x2  
  109  9:57  SCV x2, Thor  
  117  10:14  Hellion x2  
  117  10:20  Supply Depot  
  117  10:22  Supply Depot  
  117  10:23  Supply Depot  
  117  10:42  SCV  
  118  10:44  Supply Depot  
  118  10:45  Supply Depot  
  118  10:47  Supply Depot  
  118  10:49  Thor  
  124  10:50  Thor x2  
  126  11:09  Supply Depot  
  116  11:32  Thor x2  
  90  12:32  Fusion Core  
  90  12:48  SCV x3  
  93  13:00  SCV x3  
  93  13:01  Terran Vehicle And Ship Armor Level 3  
  93  13:02  Terran Vehicle Weapons Level 3, Supply Depot  
  93  13:04  Supply Depot  
  93  13:05  Supply Depot  
  96  13:20  Starport, Thor x3  
  114  13:40  Battlecruiser  
  120  13:48  Command Center  
  120  13:53  Weapon Refit  
  120  13:59  Starport Tech Lab  
  120  14:03  Thor x3  
  138  14:22  Battlecruiser  
  137  14:51  Battlecruiser  
  143  15:09  Armory  
  143  15:26  Command Center  
  143  15:33  Command Center  
  143  15:53  Battlecruiser  
  137  16:48  Thor x2  
  137  16:49  Thor  
  143  17:02  Refinery  
  143  17:11  Battlecruiser  
  137  17:31  Thor x2  
  149  17:47  Refinery, Orbital Command  
  149  17:53  Thor  
  155  18:14  Thor x2  
Tags
 
Add a new tag
Caveats
  • Supply blocks, unpowered buildings, or Contaminate may cause inaccurate times.
  • Supply counts are checked every 10 seconds.